 Dungeon Crawl Stone Soup version 0.29.1-13-g9f3cf754e1 (webtiles) character file.

Game seed: 6754407596044544948

234 Chiseanne the Sneak (level 5, 42/42 HPs)
             Began as a Demonspawn Wanderer on Feb 10, 2023.
             Quit the game in a sewer.
             The game lasted 00:07:27 (3389 turns).

Chiseanne the Sneak (Demonspawn Wanderer)           Turns: 3389, Time: 00:07:27

Health: 42/42      AC: 11    Str: 14    XL:     5   Next: 75%
Magic:  5/5        EV: 10    Int: 12    God:
Gold:   143        SH:  0    Dex: 14    Spells: 4/4 levels left

rFire   + . .      SeeInvis +   a - +2 dagger (speed)
rCold   . . .      Faith    .   (no shield)
rNeg    . . .      Spirit   .   d - +1 scale mail
rPois   .          Reflect  .   p - +1 helmet
rElec   .          Harm     .   j - +0 cloak
rCorr   .          Rampage  .   (no gloves)
Will    .....                   (no boots)
Stlth   +.........              (no amulet)
HPRegen 0.14/turn               f - ring of protection from fire
MPRegen 0.09/turn               t - ring of see invisible

@: no status effects
A: sanguine armour 2, demonic magic 1, weakness stinger 1
a: no special abilities


You were in a sewer.
You visited 1 branch of the dungeon, and saw 3 of its levels.
You also visited: Sewer.

You collected 143 gold pieces.

Inventory:

Hand Weapons
 a - a +2 dagger of speed (weapon)
 c - a +0 quarterstaff
 i - a +0 mace
 k - a +2 dagger
 m - a +0 mace of protection
Missiles
 g - 33 stones
 h - 4 poisoned darts (quivered)
 l - a throwing net
Armour
 d - a +1 scale mail (worn)
 j - a +0 cloak (worn)
 p - a +1 helmet (worn)
Jewellery
 f - a ring of protection from fire (left hand)
 t - a ring of see invisible (right hand)
 u - an amulet of the acrobat
Scrolls
 s - a scroll of teleportation
Potions
 b - a potion of invisibility
 e - 2 potions of heal wounds
 n - 2 potions of haste
 o - a potion of berserk rage {unknown}
 q - a potion of mutation
 r - 3 potions of curing {unknown}


   Skills:
 * Level 3.8 Fighting
 - Level 1.0 Staves
 * Level 3.4 Armour
 * Level 2.7 Dodging
 - Level 4.5 Stealth


You had 4 spell levels left.
You didn't know any spells.
Your spell library contained the following spells:

 Spells                   Type           Power      Damage    Failure   Level
 Foxfire                  Conj/Fire      0%         2x1d4     80%         1
 Conjure Flame            Conj/Fire      0%         6-21      99%         3
 Inner Flame              Hex/Fire       0%         N/A       99%         3
 Flame Wave               Conj/Fire      0%         2d4       100%        4


Dungeon Overview and Level Annotations

Branches:
Dungeon (3/15)              Sewer (1/1)

Altars:


Innate Abilities, Weirdness & Mutations

When seriously injured, your blood forms thick armour. (AC +0)
Spells you cast may paralyse adjacent enemies.
You have a small tail.


Message History

You enter the shallow water.
Moving in this stuff is going to be slow.
You enter the shallow water.
Moving in this stuff is going to be slow.
You enter the shallow water.
Moving in this stuff is going to be slow.
You enter the shallow water.
Moving in this stuff is going to be slow.
You enter the shallow water.
Moving in this stuff is going to be slow.
You enter the shallow water.
Moving in this stuff is going to be slow.
You enter the shallow water.
Moving in this stuff is going to be slow.
You enter the shallow water.
Moving in this stuff is going to be slow.
You enter the shallow water.
Moving in this stuff is going to be slow.
You see here a frilled lizard skeleton.
You enter the shallow water.
Moving in this stuff is going to be slow.
You enter the shallow water.
Moving in this stuff is going to be slow.
You enter the shallow water.
Moving in this stuff is going to be slow.
You enter the shallow water.
Moving in this stuff is going to be slow.
You enter the shallow water.
Moving in this stuff is going to be slow.
You enter the shallow water.
Moving in this stuff is going to be slow.
Done exploring.
You enter the shallow water.
Moving in this stuff is going to be slow.
You enter the shallow water.
Moving in this stuff is going to be slow.
There is an empty arch of ancient stone here.
As you read the scroll of enchant armour, it crumbles to dust.
Your +0 helmet glows green for a moment.
Are you sure you want to abandon this character and quit the game? (Confirm with "yes".)

≈≈≈~≈≈≈≈~≈≈~.#
~~≈≈~≈≈≈~≈≈~.#
.~~≈~~≈≈~≈≈~.#
.~...~≈~≈~≈~.#
~.~~.~≈~≈~≈~.#
≈~~.~~≈≈~≈≈~.# ###
≈..~~≈≈≈≈~≈~.# #.#
.....≈≈≈~~≈~.# #∩#
....≈≈≈≈~~≈~.# #@#
~..≈≈≈≈≈.~≈~.# #∩#
≈~≈≈≈≈≈≈.~≈~.# #.#
≈≈≈≈≈≈~≈.~≈~.# #.#
≈≈≈≈≈~≈~.~≈~.###~##
≈≈≈≈≈≈≈#.~≈~.##.~.#
≈≈≈≈≈≈≈#.~≈~.##.~.#
≈≈≈≈≈###.~≈~.##~~.#
###### #.~≈~.##.~.#


There were no monsters in sight!

Vanquished Creatures
  2 bullfrogs (Sewer)
  4 adders
  A worm (D:3)
  2 dart slugs
  3 orcs
  6 ball pythons
  6 bats
  5 endoplasms
  6 giant cockroaches
  5 goblins
  5 hobgoblins
  2 jackals (D:1)
  4 quokkas
  6 frilled lizards
  5 kobolds
  8 rats
70 creatures vanquished.

Vanquished Creatures (others)
  42 plants (D:2)
42 creatures vanquished.

Grand Total: 112 creatures vanquished

Notes
Turn   | Place    | Note
-------+----------+-------------------------------------------
     0 | D:1      | Chiseanne the Demonspawn Wanderer began the quest for the
                  | Orb.
     0 | D:1      | Chiseanne set off with the following items: a +2 dagger, a
                  | potion of invisibility, a +0 quarterstaff, a +0 scale mail,
                  | a potion of heal wounds.
     0 | D:1      | Reached XP level 1. HP: 16/16 MP: 1/1
   245 | D:1      | Gained mutation: When seriously injured, your blood forms
                  | armour. (AC +0) [demonic ancestry]
   245 | D:1      | Reached XP level 2. HP: 9/22 MP: 2/2
   750 | D:1      | Reached skill level 1 in Dodging
  1342 | D:2      | Gained mutation: Spells you cast may paralyse adjacent
                  | enemies. [demonic ancestry]
  1342 | D:2      | Reached XP level 3. HP: 25/28 MP: 3/3
  1692 | D:2      | Found a faded altar of an unknown god.
  2309 | D:2      | Gained mutation: When seriously injured, your blood forms
                  | thick armour. (AC +0) [demonic ancestry]
  2309 | D:2      | Reached XP level 4. HP: 31/35 MP: 4/4
  2479 | D:3      | Found a glowing drain.
  2636 | Sewer    | Entered a sewer
  3018 | Sewer    | Noticed a bullfrog
  3029 | Sewer    | Killed a bullfrog
  3030 | Sewer    | Gained mutation: You have a small tail. [demonic ancestry]
  3030 | Sewer    | Reached XP level 5. HP: 30/41 MP: 5/5
  3389 | Sewer    | Quit the game

Illustrated notes

Levels and vault maps discovered:
D:1:      evilmike_arrival_hilbert_curve, layout_basic
D:2:      layout_loops_ring, shapermc_ecumenical_altar_starsandcircs,
          kennysheep_boxes
D:3:      layout_basic, amcnicky_altar_gilded, portal_sewer_entry_a, hex_medium,
          minmay_misc_feat_chi
Sewer:    sewer_frog_island_01

Skill      XL: |  1  2  3  4 |
---------------+-------------+-----
Armour         | 2 3 |  3.4
Dodging        | 1 2 |  2.7
Fighting       | 3 |  3.8
Staves         | |  1.0
Stealth        | |  4.5

Action                   |  1- 3 |  4- 6 || total
-------------------------+-------+-------++-------
Melee: Dagger            |   187 |   152 ||   339
       Punch             |     1 |     1 ||     2
       Tailslap          |       |     2 ||     2
Throw: Stone             |     2 |       ||     2
       Dart              |       |     2 ||     2
  Use: Scroll            |     9 |     1 ||    10
Armor: Scale mail        |    87 |    75 ||   162
Dodge: Dodged            |    67 |    71 ||   138
